 Dungeon Crawl Stone Soup version 0.31.0-4-g52a2dc7128 (webtiles) character file.

Game seed: 8633347155173302606

53 olmar the Trooper (level 3, -2/24 HPs)
             Began as a Gargoyle Fighter on Jan 22, 2024.
             Slain by a gnoll
             ... wielding a +0 club
              (4 damage)
             ... on level 2 of the Dungeon.
             The game lasted 00:01:45 (1252 turns).

olmar the Trooper (Gargoyle Fighter)                Turns: 1252, Time: 00:01:46

Health: -2/24      AC: 10    Str: 21    XL:     3   Next: 89%
Magic:  3/3        EV:  9    Int:  8    God:
Gold:   44         SH:  4    Dex:  9    Spells: 2/2 levels left

rFire   . . .        a - +0 flail
rCold   . . .        c - +0 buckler
rNeg    + . .        b - +0 scale mail
rPois   ∞            (no helmet)
rElec   +            (no cloak)
rCorr   .            (no gloves)
SInv    .            (no boots)
Will    +....        (no amulet) Stlth
                     (no ring)
HPRegen 0.24/turn    (no ring)
MPRegen 0.08/turn

%: no passive effects
@: enlightened, flying
A: sickness immunity, AC +3, negative energy resistance 1, electricity
resistance, torment resistance 1, petrification resistance
a: no special abilities


You were on level 2 of the Dungeon.
You visited 1 branch of the dungeon, and saw 2 of its levels.

You collected 44 gold pieces.

Inventory:

Hand Weapons
 a - a +0 flail (weapon)
Missiles
 f - 2 atropa-tipped darts (quivered)
Armour
 b - a +0 scale mail (worn)
 c - a +0 buckler (worn)
Scrolls
 e - a scroll of teleportation
 g - a scroll of amnesia {unknown}
 i - a scroll of blinking {unknown}
Potions
 d - a potion of might


   Skills:
 + Level 3.8 Fighting
 + Level 2.7 Maces & Flails
 + Level 3.7 Armour
 + Level 3.8 Shields


You had 2 spell levels left.
You didn't know any spells.
Your spell library contained the following spells:

 Spells                   Type           Power      Damage    Failure   Level
 Freeze                   Ice            0%         1d3       82%         1
 Magic Dart               Conj           0%         1d3       82%         1
 Searing Ray              Conj           0%         2d4       91%         2
 Frozen Ramparts          Ice            0%         1d1       99%         3
 Hailstorm                Conj/Ice       0%         3d5       99%         3
 Fulminant Prism          Conj/Alch      0%         3d5       100%        4


Dungeon Overview and Level Annotations

Branches:
Dungeon (2/15)

Altars:

Shops:
D:1 :


Innate Abilities, Weirdness & Mutations

You are immune to sickness and miasma.
Your stone body is resilient. (AC +3)
You are immune to poison.
You resist negative energy. (rN+)
You are resistant to electric shocks. (rElec)
You are resistant to unholy torment.
You are immune to petrification.


Message History

The gnoll is moderately wounded.
The gnoll hits you with a +0 spear. The gnoll hits you with a +0 club.
Unknown command.
You hit the gnoll.
The gnoll is heavily wounded.
The gnoll hits you but does no damage. x2
Unknown command.
You hit the gnoll.
The gnoll is heavily wounded.
The gnoll barely misses you. The gnoll completely misses you.
Unknown command.
You hit the gnoll but do no damage.
The gnoll is heavily wounded.
You block the gnoll's attack. The gnoll hits you with a +0 club.
The gnoll hits you with a +0 spear. The gnoll closely misses you.
The gnoll completely misses you.
You hit the gnoll.
The gnoll is moderately wounded.
The gnoll hits you with a +0 club. The gnoll hits you but does no damage.
Unknown command.
You aren't carrying any items that you can evoke.
It was a potion of enlightenment.
You feel very buoyant.
You fly up into the air.
You block the gnoll's attack. x2
Unknown command.
You hit the gnoll.
The gnoll is moderately wounded.
The gnoll hits you but does no damage. x2
You hit the gnoll.
The gnoll is severely wounded.
You block the gnoll's attack.
The gnoll hits you from afar with a +0 spear.
The gnoll hits you with a +0 club.
* * * LOW HITPOINT WARNING * * *
The gnoll hits you from afar with a +0 spear.
* * * LOW HITPOINT WARNING * * *
You hit the gnoll but do no damage.
The gnoll is severely wounded.
The gnoll hits you with a +0 club.
You die...

#######
#.....#
#.....#
#######
##.....##
#g....#
........#
#g###.#
........#
#@# #.#
..##....#
#.# #K#
..##....#
#.# #.#
..##..(.#
#.# .g.
........#
#.# ...
####....#
#.# ..g
........#
#.###...
#####.#.#
#.#
......#.#
#.#######


You could see 2 gnolls.

Vanquished Creatures
  A gnoll (D:1)
  2 dart slugs (D:1)
  2 endoplasms (D:1)
  A giant cockroach (D:1)
  5 hobgoblins
  6 kobolds
  4 quokkas
  3 ball pythons
  4 bats (D:1)
  6 goblins
  2 rats (D:1)
36 creatures vanquished.

Notes
Turn   | Place    | Note
-------+----------+-------------------------------------------
     0 | D:1      | olmar the Gargoyle Fighter began the quest for the Orb.
     0 | D:1      | Reached XP level 1. HP: 14/14 MP: 1/1
   187 | D:1      | Reached XP level 2. HP: 19/19 MP: 2/2
   503 | D:1      | Reached XP level 3. HP: 24/24 MP: 3/3
   541 | D:1      | Found Yraoqub's Book Boutique.
  1251 | D:2      | HP: 1/24 [gnoll/+0 spear (3)]
  1252 | D:2      | Slain by a gnoll

Illustrated notes

Levels and vault maps discovered:
D:1:      lightli_arrival_lavapool, layout_basic, serial_shops,
          nicolae_shop_hallway_stairs, nicolae_kite_square_tiling_tiny
D:2:      layout_basic, minivault_26, wad_orctagon

Action                     || total
---------------------------++-------
  Melee: Flail             ||   152
    Use: Scroll            ||     1
         Potion            ||     1
 Armour: Scale mail        ||   122
  Dodge: Dodged            ||    87
  Block: Buckler           ||    50
